 Dungeon Crawl Stone Soup version 0.24-a0-525-g9231cdcba1 (webtiles) character file.

Game seed: 1320955590997579768

232 Flugkiller the Sneak (level 6, 0/42 HPs)
             Began as an Octopode Assassin on July 31, 2019.
             Was a Follower of Uskayaw.
             Killed from afar by an orc wizard (10 damage)
             ... with a puff of frost
             ... on level 5 of the Dungeon.
             The game lasted 00:02:57 (3005 turns).

Flugkiller the Sneak (Octopode Assassin)            Turns: 3005, Time: 00:02:58

Health: 0/42       AC:  1    Str: 16    XL:     6   Next: 4%
Magic:  7/7        EV: 14    Int: 13    God:    Uskayaw [*.....]
Gold:   164        SH:  0    Dex: 15    Spells: 5/5 levels left

rFire    . . .     SeeInvis .   a - +2 dagger
rCold    . . .     Gourm    .   (no shield)
rNeg     . . .     Faith    .   (helmet restricted)
rPois    .         Spirit   .   n - amulet of rage
rElec    .         Reflect  .   (no ring)
rCorr    .         Harm     .   (no ring)
MR       .....                  (no ring)
Stlth    ++++......             (no ring)
HPRegen  0.14/turn              (no ring)
MPRegen  0.10/turn              (no ring)
                                (no ring)
                                (no ring)

@: mighty
A: almost no armour, stealthy swim, amphibious, 8 rings, constrict 8, camouflage
1, gelatinous body 1
a: Stomp, Renounce Religion, Evoke Berserk Rage


You were on level 5 of the Dungeon.
You worshipped Uskayaw.
Uskayaw was noncommittal.
You were not hungry.

You visited 1 branch of the dungeon, and saw 5 of its levels.

You collected 164 gold pieces.

Inventory:

Hand Weapons
 a - a +2 dagger (weapon)
Missiles
 b - 20 poisoned darts (quivered)
 c - 2 curare-tipped darts
 r - 6 atropa-tipped darts
Jewellery
 n - an amulet of rage (around mantle)
   (You found it on level 2 of the Dungeon)
Scrolls
 h - a scroll of immolation {unknown}
 k - a scroll of amnesia
 m - 2 scrolls of teleportation
 o - 2 scrolls of enchant armour
 p - a scroll of fog
 q - a scroll of remove curse
Potions
 e - a potion of might
 g - 2 potions of curing
 i - a potion of brilliance {unknown}
 j - a potion of flight
 l - a potion of resistance
Comestibles
 d - 5 rations
 f - 13 chunks of flesh


   Skills:
 + Level 3.6 Fighting
 + Level 3.5 Short Blades
 - Level 2.0 Throwing
 + Level 3.1 Dodging
 - Level 5.3 Stealth
 + Level 2.0 Invocations


You had 5 spell levels left.
You didn't know any spells.
Your spell library contained the following spells:

 Spells                   Type           Power        Failure   Level  Hunger
 Confusing Touch          Hex            #.....       30%         1    ##.....
 Summon Small Mammal      Summ           #...         30%         1    ##.....
 Call Imp                 Summ           #.......     43%         2    ###....
 Call Canine Familiar     Summ           #.......     67%         3    ####...
 Confuse                  Hex            #.......     67%         3    ####...
 Gell's Gravitas          Tloc           #.........   67%         3    ####...
 Summon Guardian Golem    Hex/Summ       #.......     67%         3    ####...
 Petrify                  Tmut/Erth      #.......     97%         4    #####..
 Summon Ice Beast         Ice/Summ       #.......     97%         4    #####..
 Summon Lightning Spire   Summ/Air       #.......     97%         4    #####..
 Metabolic Englaciation   Hex/Ice        #.........   100%        5    ######.
 Yara's Violent Unravell  Hex/Tmut       #.........   100%        5    ######.


Dungeon Overview and Level Annotations

Branches:
Dungeon (5/15)             Temple (0/1) D:4

Altars:
Gozag
Uskayaw
Vehumet
The Shining One


Innate Abilities, Weirdness & Mutations

You cannot wear most types of armour.
You are very stealthy in the water. (Stealth+)
You are amphibious.
You can wear up to eight rings at the same time.
You can use your tentacles to constrict eight enemies at once.
Your skin changes colour to match your surroundings (Stealth+).
Your rubbery body absorbs attacks. (AC +1, EV +1)


Message History

a +0 club; a +0 scale mail; an orc skeleton
f - 10 chunks of flesh (gained 4)
You see here an orc skeleton.
Things that are here:
a +0 whip; a worker ant corpse; an orc corpse You butcher the worker ant corpse.
f - 12 chunks of flesh (gained 2)
You butcher the orc corpse.
f - 14 chunks of flesh (gained 2)
Things that are here:
a +0 whip; an orc skeleton You are feeling hungry.
Things that are here:
a +0 whip; an orc skeleton Eating one of 14 chunks of flesh.
You eat one of the 14 chunks of flesh.
This raw flesh tastes terrible.
There is an open door here.
Found a stone staircase leading down.
Found a stone staircase leading up.
An orc wizard comes into view. It is wielding a +0 dagger.
There are monsters nearby!
The orc wizard begins to cast a cantrip, but forgets the words!
An orc comes into view. It is wielding a +0 club.
An orc comes into view. It is wielding a +0 flail.
An orc wizard comes into view. It is wielding a +0 dagger.
The orc shouts!
You hear a shout!
The orc wizard casts a spell at you. The puff of flame hits you!
The orc wizard moves out of view.
The orc shouts!
An orc comes into view.
The orc shouts!
You hear a shout!
The orc wizard casts a spell.
The orc wizard seems to speed up.
There is an open door here.
You aren't carrying any items that you can evoke.
The orc wizard casts a spell at you. The magic dart hits you!
The orc wizard casts a spell at you. The puff of flame hits you!
* * * LOW HITPOINT WARNING * * *
You hit the orc wizard. You grab the orc wizard.
The orc wizard is moderately wounded.
You constrict the orc wizard, but do no damage.
The orc wizard hits you with a +0 dagger.
* * * LOW HITPOINT WARNING * * *
You feel very mighty all of a sudden.
You constrict the orc wizard.
The orc wizard gestures at you while chanting.
The puff of frost hits you!
You die...

.####.......o.....
.# .........###
#.# #รท.#
#.#####.####
#.#######).####.#
#.#


You could see an orc wizard and 2 orcs.

Vanquished Creatures
  An iguana (D:5)
  2 worker ants
  6 adders
  An ooze (D:1)
  2 worms (D:2)
  4 dart slugs
  4 leopard geckos
  10 orcs
  2 giant cockroaches
  9 goblins
  6 hobgoblins
  4 kobolds
  2 quokkas
  7 bats
  7 frilled lizards
  8 rats
75 creatures vanquished.

Notes
Turn   | Place    | Note
-------+----------+-------------------------------------------
     0 | D:1      | Flugkiller the Octopode Assassin began the quest for the
                  | Orb.
     0 | D:1      | Reached XP level 1. HP: 14/14 MP: 1/1
    49 | D:1      | Reached XP level 2. HP: 17/19 MP: 2/2
   336 | D:1      | Reached XP level 3. HP: 25/25 MP: 3/3
   798 | D:2      | Found a radiant altar of Vehumet.
   853 | D:2      | Noticed a +0 hand axe
   858 | D:2      | Noticed a +0 hand axe
   863 | D:2      | Reached XP level 4. HP: 30/30 MP: 4/4
   865 | D:2      | Found a hide-covered altar of Uskayaw.
   886 | D:2      | Became a worshipper of Uskayaw the Reveler
   950 | D:2      | Reached * piety under Uskayaw
  1223 | D:2      | Found a glowing golden altar of the Shining One.
  1482 | D:3      | Reached ** piety under Uskayaw
  1486 | D:3      | Reached *** piety under Uskayaw
  1547 | D:3      | Reached skill level 1 in Invocations
  1547 | D:3      | Reached XP level 5. HP: 12/36 MP: 5/5
  2471 | D:4      | Found a staircase to the Ecumenical Temple.
  2669 | D:4      | Found an opulent altar of Gozag.
  2759 | D:4      | You fall into a shaft and drop 1 floor!
  2759 | D:5      | Entered Level 5 of the Dungeon
  2811 | D:5      | Reached XP level 6. HP: 27/42 MP: 7/7
  3005 | D:5      | Killed from afar by an orc wizard

Levels and vault maps discovered:
D:1:      onia_arrival_mini_maze_b, layout_loops_ring
D:2:      layout_basic, lemuel_crystal_altar, dancing_weapons_uskayaw,
          tso_oasis_becter, serial_aquarium, aquarium_bridge_square
          [aquarium_subvault_wall, aquarium_subvault_bridge,
          aquarium_subvault_wall, aquarium_subvault_window],
          aquarium_bridge_square [aquarium_subvault_wall,
          aquarium_subvault_wall, aquarium_subvault_window,
          aquarium_subvault_bridge], aquarium_window_fake,
          aquarium_window_corridor_1, aquarium_window_1, aquarium_window_2,
          aquarium_view_2a, aquarium_balcony_double_1, serial_park_tiny_1,
          minmay_misc_feat_enclosed, hangedman_feature_mirror
D:3:      layout_basic
D:4:      layout_rooms, marbit_many_paths, kennysheep_mini,
          grunt_temple_overflow_champion_of_chaos, minmay_temple_entry_arrows
D:5:      layout_basic, serial_shops, kennysheep_little_box, first_ration

Skill      XL: |  1  2  3  4  5 |
---------------+----------------+-----
Dodging        | 2 3 |  3.1
Fighting       | 3 |  3.6
Short Blades   | 3 |  3.5
Invocations    | 1 2 |  2.0
Throwing       | |  2.0
Stealth        | |  5.3

Action                   |  1- 3 |  4- 6 || total
-------------------------+-------+-------++-------
Melee: Dagger            |    57 |    90 ||   147
       Constrict         |    12 |    19 ||    31
       Tentacles         |     7 |    17 ||    24
Invok: Stomp             |       |     1 ||     1
  Use: Scroll            |       |     9 ||     9
       Potion            |       |     1 ||     1
 Stab: Sleeping          |    12 |    15 ||    27
       Paralysed         |       |     2 ||     2
       Distracted        |       |     1 ||     1
  Eat: Chunk             |       |     7 ||     7
Armor: Skin              |     2 |     2 ||     4
Dodge: Dodged            |    28 |    45 ||    73

Table legend:
 A = Non-vault XP
 B = Vault XP
 C = Vault XP percentage of total XP
 D = Non-vault monster count
 E = Vault monster count
 F = Vault count percentage of total count
                 A         B        C        D         E       F
            +---------+---------+-------+---------+---------+-------
      Total |     332 |       0 |   0.0 |      75 |       0 |   0.0
            +---------+---------+-------+---------+---------+-------
        D:1 |      57 |       0 |   0.0 |      27 |       0 |   0.0
        D:2 |      68 |       0 |   0.0 |      23 |       0 |   0.0
        D:3 |     101 |       0 |   0.0 |      15 |       0 |   0.0
        D:4 |      19 |       0 |   0.0 |       3 |       0 |   0.0
        D:5 |      87 |       0 |   0.0 |       7 |       0 |   0.0
            +---------+---------+-------+---------+---------+-------
